 Dungeon Crawl Stone Soup version 0.24.0-13-gcf9b3192b9 (webtiles) character file.

Game seed: 5055031333584258394, levelgen mode: deterministic

4427 MirrMurr the Basher (level 10, -4/58 HPs)
             Began as a Gargoyle Monk on Nov 7, 2019.
             Was a Priest of Hepliaklqana.
             Slain by a two-headed ogre
             ... wielding a +0 giant club
              (14 damage)
             ... on level 9 of the Dungeon on Nov 8, 2019.
             The game lasted 00:23:40 (9464 turns).

MirrMurr the Basher (Gargoyle Monk)                 Turns: 9464, Time: 00:23:40

Health: -4/58      AC: 21    Str: 17    XL:     10   Next: 36%
Magic:  10/10      EV:  4    Int: 12    God:    Hepliaklqana [***...]
Gold:   400        SH:  9    Dex: 12    Spells: 9/9 levels left

rFire    . . .     SeeInvis .   a - +2 flail (crush)
rCold    . . .     Gourm    .   w - +0 shield
rNeg     + . .     Faith    .   q - +1 plate armour
rPois    ∞         Spirit   .   (no helmet)
rElec    +         Reflect  .   (no cloak)
rCorr    .         Harm     .   (no gloves)
MR       .....                  (no boots)
Stlth    ..........             (no amulet)
HPRegen  0.19/turn              (no ring)
MPRegen  0.12/turn              (no ring)

@: studying Short Blades
A: reduced essence, negative energy resistance 1, electricity resistance,
unbreathing, petrification resistance, rot immunity, AC +7
a: Recall Ancestor, Ancestor Identity, Transference, Renounce Religion


You were on level 9 of the Dungeon.
You worshipped Hepliaklqana.
Hepliaklqana was most pleased with you.
You were not hungry.

You visited 2 branches of the dungeon, and saw 10 of its levels.

You collected 400 gold pieces.

Inventory:

Hand Weapons
 a - a +2 flail of crushing (weapon)
Missiles
 d - 176 stones
 j - 44 sling bullets
 t - 25 boomerangs (quivered)
 y - 2 throwing nets
 C - 29 poisoned darts
Armour
 q - a +1 plate armour (worn)
 w - a +0 shield (worn)
Wands
 n - a wand of flame (33)
 B - a wand of polymorph (6)
 E - a wand of digging (6)
Scrolls
 b - a scroll of fog
 h - 3 scrolls of teleportation
 p - 2 scrolls of fear
 r - 3 scrolls of remove curse
 u - 5 scrolls of identify
 v - a scroll of silence {unknown}
 z - a scroll of enchant armour
 A - a scroll of acquirement {unknown}
Potions
 e - a potion of mutation {unknown}
 f - a potion of lignification {unknown}
 g - 3 potions of curing
 i - 3 potions of haste
 k - 2 potions of might
 l - 2 potions of invisibility {unknown}
 m - a potion of cancellation {unknown}
 o - a potion of ambrosia {unknown}
 s - a potion of heal wounds {unknown}
 x - a potion of brilliance {unknown}
Books
 D - a manual of Short Blades
Comestibles
 c - 19 rations
 F - 21 chunks of flesh


   Skills:
 + Level 8.4 Fighting
 * Level 10.3 Maces & Flails
 + Level 7.5 Armour
 - Level 2.4 Dodging
 - Level 2.1 Stealth
 + Level 5.1 Shields


You had 9 spell levels left.
You didn't know any spells.
Your spell library contained the following spells:

 Spells                   Type           Power        Failure   Level  Hunger
 Corona                   Hex            #......      100%        1    ##.....
 Ensorcelled Hibernation  Hex/Ice        #.....       100%        2    ###....
 Confuse                  Hex            #.......     100%        3    ####...
 Dazzling Spray           Conj/Hex       #.....       100%        3    ####...
 Tukima's Dance           Hex            #.......     100%        3    ####...


Dungeon Overview and Level Annotations

Branches:
Dungeon (9/15)             Temple (1/1) D:6
   Lair: D:8-11         Orc: D:9-12

Altars:
Ashenzari
Cheibriados
Dithmenos
Elyvilon
Fedhas
Gozag
Hepliaklqana
Kikubaaqudgha
Makhleb
Nemelex Xobeh
Okawaru
Qazlal
Ru
Sif Muna
Trog
Uskayaw
Vehumet
Wu Jian
Xom
Yredelemnul
Zin
The Shining One

Shops:
D:6 :

Annotations:
D:3 3 runed translucent doors, bepis228's ghost, amateur MiBe


Innate Abilities, Weirdness & Mutations

You are resistant to torment.
Your stone body is resilient. (AC +7)
You are immune to poison.
You resist negative energy. (rN+)
You are resistant to electric shocks. (rElec)
You can survive without breathing.
You are immune to petrification.
You are immune to rotting.
Your life essence is reduced to manifest your ancestor. (-10% HP)


Message History

Your shield and plate armour prevent you from hitting the two-headed ogre.
The two-headed ogre is almost dead.
The jackal bites Teglagyarimegallo.
Teglagyarimegallo hits the jackal with a +0 dagger of draining.
You block the two-headed ogre's attack.
The two-headed ogre hits you with a cursed -2 giant club.
* * * LOW HITPOINT WARNING * * *
The jackal barely misses Teglagyarimegallo.
Teglagyarimegallo barely misses the jackal.
Teglagyarimegallo points at the jackal and mumbles some strange words.
The jackal seems to slow down.
The jackal bites the two-headed ogre.
Teglagyarimegallo points at the jackal and mumbles some strange words.
The jackal seems to slow down.
Why would you want to do that?
Teglagyarimegallo hits the jackal with a +0 dagger of draining.
The jackal dies!
You block the two-headed ogre's attack.
The two-headed ogre hits you with a cursed -2 giant club!
You die...

###...##)##..##.
.......))#......
........)#......
........)#......
.......))#......
.........#......
##################..##.....
#≈≈≈≈≈≈≈≈≈≈≈≈≈≈≈≈#..##.....
#≈........@.....≈#..##.....
#≈.........O....≈#).#
#≈..............≈#..#
#≈............R.≈#..#
#≈..............≈#..#
#≈..............≈#..#
#≈...............'..#
#≈..............÷'[.##
#≈..............≈#...#


You could see the friendly Teglagyarimegallo the hexer and a two-headed ogre.

Vanquished Creatures
  A hippogriff (D:7)
  Sigmund (D:5)
  Menkaure (D:5)
  Edmund (D:5)
  2 orc warriors
  An ice beast (D:6)
  A necrophage (D:7)
  A phantom (D:5)
  3 centaurs
  An ogre (D:4)
  2 crocodiles
  2 bullfrogs
  A water moccasin zombie (D:5)
  A wyvern skeleton (D:8)
  8 wights
  4 killer bees (D:8)
  5 crimson imps
  3 hounds
  3 orc priests
  2 bullfrog skeletons
  A centaur skeleton (D:4)
  A quasit (D:9)
  A jelly (D:9)
  5 orc wizards
  3 iguanas
  8 worker ants
  A hexer (D:7)
  A hound skeleton (D:8)
  9 gnolls
  13 adders
  A shadow imp (D:6)
  2 oozes
  An adder skeleton (D:9)
  3 worms
  3 dart slugs
  6 leopard geckos
  30 orcs
  7 bats
  7 giant cockroaches
  7 goblins
  13 hobgoblins
  11 jackals
  A ball python zombie (D:6)
  8 frilled lizards
  A giant cockroach zombie (D:5)
  A jackal zombie (D:5)
  9 kobolds
  2 leopard gecko skeletons
  A quokka zombie (D:5)
  A rat (D:1)
202 creatures vanquished.

Vanquished Creatures (collateral kills)
  A spriggan (D:8)
  A water moccasin (D:7)
  An orc warrior (D:9)
  A sky beast (D:6)
  2 centaurs
  A crocodile (D:9)
  A big kobold (D:9)
  A howler monkey (D:6)
  A centaur zombie (D:7)
  A bullfrog skeleton (D:8)
  An orc priest (D:7)
  A white imp (D:6)
  6 orcs
  3 jackals
  3 kobolds (D:9)
  A quokka zombie (D:6)
  A butterfly (D:6)
27 creatures vanquished.

Vanquished Creatures (others)
  2 hexers
2 creatures vanquished.

Grand Total: 231 creatures vanquished

Notes
Turn   | Place    | Note
-------+----------+-------------------------------------------
     0 | D:1      | MirrMurr the Gargoyle Monk began the quest for the Orb.
     0 | D:1      | Reached XP level 1. HP: 14/14 MP: 1/1
   339 | D:1      | Reached XP level 2. HP: 13/19 MP: 2/2
   443 | D:1      | Reached skill level 1 in Armour
   554 | D:1      | Reached XP level 3. HP: 22/23 MP: 3/3
  1288 | D:2      | Reached skill level 4 in Maces & Flails
  1288 | D:2      | Reached XP level 4. HP: 23/29 MP: 4/4
  2353 | D:3      | Found a runed translucent gate.
  2353 | D:3      | Found a runed translucent gate.
  2353 | D:3      | Found a runed translucent gate.
  2362 | D:2      | Reached XP level 5. HP: 31/33 MP: 5/5
  2840 | D:3      | Reached skill level 5 in Maces & Flails
  2928 | D:3      | Reached XP level 6. HP: 39/39 MP: 6/6
  3246 | D:3      | Noticed bepis228's ghost (amateur MiBe)
  4012 | D:4      | Reached skill level 5 in Fighting
  4016 | D:4      | Reached XP level 7. HP: 41/44 MP: 7/7
  4163 | D:4      | Reached skill level 6 in Maces & Flails
  4796 | D:5      | Entered Level 5 of the Dungeon
  4814 | D:5      | Noticed Edmund
  4849 | D:5      | Killed Edmund
  4906 | D:5      | Found a snail-covered altar of Cheibriados.
  5111 | D:5      | Noticed Menkaure
  5131 | D:5      | Killed Menkaure
  5131 | D:5      | Reached skill level 7 in Maces & Flails
  5131 | D:5      | Reached XP level 8. HP: 50/51 MP: 8/8
  5428 | D:5      | Reached skill level 5 in Armour
  5505 | D:5      | Noticed Sigmund
  5556 | D:5      | Killed Sigmund
  5900 | D:6      | Reached skill level 8 in Maces & Flails
  5939 | D:6      | Reached skill level 1 in Shields
  5976 | D:6      | Found a staircase to the Ecumenical Temple.
  5987 | Temple   | Entered the Ecumenical Temple
  6226 | Temple   | Became a worshipper of Hepliaklqana the Forgotten
  6226 | Temple   | Reached * piety under Hepliaklqana
  6226 | Temple   | Reached ** piety under Hepliaklqana
  6227 | Temple   | Remembered your ancestor Teglagyarimegallo as a hexer
  6260 | D:6      | Reached XP level 9. HP: 45/50 MP: 9/9
  6539 | D:6      | Found Maibyh's Book Emporium.
  7083 | D:7      | Reached skill level 9 in Maces & Flails
  7995 | D:7      | Reached XP level 10. HP: 29/57 MP: 10/10
  8172 | D:8      | Reached *** piety under Hepliaklqana
  8308 | D:8      | Reached skill level 10 in Maces & Flails
  9226 | D:9      | Reached skill level 5 in Shields
  9440 | D:9      | Noticed a two-headed ogre
  9464 | D:9      | Slain by a two-headed ogre

Levels and vault maps discovered:
D:1:      dpeg_arrival_arbitrary_c, layout_rooms, minmay_pentomino_u2
D:2:      layout_loops_ring
D:3:      layout_loops_ring, gammafunk_ghost_necromancy
D:4:      minmay_recursive_quarters, layout_loops_cross, wad_orctagon
D:5:      layout_basic, slow_altar_1, first_ration, uniq_edmund, uniq_menkaure,
          uniq_sigmund
D:6:      layout_rooms, minmay_temple_entry_butterflies, serial_shops, shop,
          kennysheep_cross_bottleneck, minmay_fire_ice_demons
D:7:      layout_gridville, minmay_manual_mares
D:8:      layout_loops_ring, the_bakery
D:9:      layout_gridville, kennysheep_dice
Temple:   nicolae_temple_the_god_donut

Skill      XL: |  1  2  3  4  5  6  7  8  9 10 |
---------------+-------------------------------+-----
Armour         | 1 2 3 4 5 7 |  7.5
Maces & Flails | 4 5 7 8 9 10 | 10.3
Fighting       | 4 5 6 7 8 |  8.4
Shields        | 1 4 5 |  5.1
Dodging        | |  2.4
Stealth        | |  2.1

Action                   |  1- 3 |  4- 6 |  7- 9 | 10-12 || total
-------------------------+-------+-------+-------+-------++-------
Melee: Mace              |   100 |   250 |    96 |       ||   446
       Flail             |       |    18 |   404 |   136 ||   558
       Unarmed           |       |       |       |     9 ||     9
 Fire: Hunting sling     |       |       |       |     7 ||     7
Invok: Ancestor Life: He |       |       |     1 |       ||     1
       Ancestor Identity |       |       |     1 |       ||     1
  Use: Scroll            |       |     9 |     1 |     1 ||    11
 Stab: Sleeping          |     2 |       |       |       ||     2
       Confused          |       |       |     6 |     2 ||     8
       Distracted        |       |       |     3 |     1 ||     4
  Eat: Chunk             |       |    10 |    14 |     5 ||    29
Armor: Robe              |    33 |     1 |       |       ||    34
       Plate armour      |       |   171 |   384 |    93 ||   648
       Leather armour    |       |    14 |       |       ||    14
Dodge: Dodged            |    70 |    82 |   104 |    23 ||   279
Block: Shield            |       |       |   105 |    55 ||   160
